 Dungeon Crawl Stone Soup version 0.25.1-2-g60ff931df9 (webtiles) character file.

Game seed: 4061700156128216079

5179 Curus the Carver (level 10, -5/121 HPs)
             Began as a Grey Draconian Berserker on Oct 10, 2020.
             Was an Elder of Trog.
             Slain by an 11-headed hydra (7 damage)
             ... on level 9 of the Dungeon on Oct 11, 2020.
             The game lasted 00:50:01 (10707 turns).

Curus the Carver (Grey Draconian Berserker)        Turns: 10707, Time: 00:50:02

Health: -5/121     AC: 14    Str: 19    XL:     10   Next: 34%
Magic:  10/10      EV: 14    Int:  8    God:    Trog [****..]
Gold:   52         SH:  0    Dex: 14    Spells: 9/9 levels left

rFire    . . .     SeeInvis +   x - +4 scimitar (holy)
rCold    . . .     Gourm    .   (no shield)
rNeg     + . .     Faith    .   (armour unavailable)
rPois    +         Spirit   .   (helmet restricted)
rElec    .         Reflect  .   (no cloak)
rCorr    .         Harm     .   g - +0 pair of gloves
MR       .....                  d - +0 pair of boots
Stlth    ..........             (no amulet)
HPRegen  0.30/turn              u - ring of Xom's Wantonness {rPois rN+}
MPRegen  0.12/turn              o - ring of see invisible

@: berserking, very quick
A: walk through water, unfitting armour, unbreathing, cold-blooded, AC +12
a: Berserk, Trog's Hand, Brothers in Arms, Renounce Religion


You were on level 9 of the Dungeon.
You worshipped Trog.
Trog was greatly pleased with you.
You were hungry.

You visited 1 branch of the dungeon, and saw 9 of its levels.

You collected 385 gold pieces.
You spent 333 gold pieces at shops.

Inventory:

Hand Weapons
 a - a +0 falchion
 h - a +0 long sword
 v - a +0 falchion of holy wrath
 x - a +4 scimitar of holy wrath (weapon)
 y - a +2 long sword of holy wrath
 D - a +0 scimitar
Armour
 d - a +0 pair of boots (worn)
 g - a +0 pair of gloves (worn)
Jewellery
 c - an uncursed ring of magical power
 o - a ring of see invisible (right hand)
 r - an uncursed ring of wizardry
 t - a cursed amulet of inaccuracy
 u - the ring of Xom's Wantonness (left hand) {rPois rN+}
   (You acquired it on level 7 of the Dungeon)

   [ring of positive energy]

   It protects you from poison.
   It protects you from negative energy.
 C - an uncursed ring of attention
Wands
 k - a wand of flame (23)
 p - a wand of clouds (5)
 z - a wand of paralysis (9)
 B - a wand of disintegration (11)
Scrolls
 i - 11 scrolls of identify
 j - 2 scrolls of remove curse
 l - a scroll of teleportation
 n - 3 scrolls of magic mapping
 s - a scroll of fear
 A - a scroll of fog
Potions
 e - a potion of might
 f - 5 potions of curing
 m - a potion of magic
 q - a potion of ambrosia
 E - a potion of haste
 F - a potion of flight
Comestibles
 b - 15 rations
 w - 4 chunks of flesh


   Skills:
 + Level 5.2 Fighting
 - Level 14.1 Long Blades
 + Level 4.3 Dodging


You had 9 spell levels left.
You didn't know any spells.
Your spell library was empty.

Dungeon Overview and Level Annotations

Branches:
Dungeon (9/15)             Temple (0/1) D:6            Lair (0/6) D:9
    Orc: D:9-12

Altars:
Fedhas
Gozag
Hepliaklqana
Kikubaaqudgha
Makhleb
Okawaru
Ru
Sif Muna
Trog
Wu Jian
Xom
Yredelemnul
Zin
The Shining One

Shops:
D:7 :   D:8 ?=?(


Innate Abilities, Weirdness & Mutations

You can walk through water.
Your dull iron-grey scales are very hard. (AC +12)
You cannot fit into any form of body armour.
You can survive without breathing.
You are cold-blooded and may be slowed by cold attacks.


Message History

The nine-headed hydra bites you.
* * * LOW HITPOINT WARNING * * *
The nine-headed hydra bites you but does no damage. x2
You lop one of the nine-headed hydra's heads off!
The eight-headed hydra grows two more!
You slice the ten-headed hydra!!
The ten-headed hydra is moderately wounded.
You lop one of the ten-headed hydra's heads off!
The nine-headed hydra grows two more!
You hit the 11-headed hydra.
The 11-headed hydra is lightly wounded.
The 11-headed hydra bites you.
* * * LOW HITPOINT WARNING * * *
The 11-headed hydra closely misses you.
The 11-headed hydra barely misses you. x2
The 11-headed hydra misses you. The 11-headed hydra bites you.
* * * LOW HITPOINT WARNING * * *
The 11-headed hydra bites you!
* * * LOW HITPOINT WARNING * * *
The 11-headed hydra misses you. The 11-headed hydra bites you!!
* * * LOW HITPOINT WARNING * * *
The 11-headed hydra barely misses you. The 11-headed hydra bites you!
You die...

#............
#..........).
#............
##.........#
#...<######
##########
#.####...
###......... #..
#W. ###....###....
#.#
#D###....###....##
#.
#@#....###....###
#. #....###....###
#..###....###
####....###
###....###
##....### #...###
#.....#
#######.##....#


You could see a 11-headed hydra and a wraith.

Vanquished Creatures
  A centaur zombie (D:9)
  2 centaur skeletons
  A komodo dragon (D:9)
  A hippogriff (D:9)
  Sigmund (D:5)
  A hungry ghost (D:8)
  3 water moccasins (D:9)
  Duvessa (D:5)
  3 orc warriors
  3 phantoms
  3 ice beasts
  5 ogres
  A black bear (D:9)
  A necrophage (D:8)
  2 centaurs (D:6)
  A crocodile (D:8)
  3 bullfrogs
  A wyvern skeleton (D:7)
  2 scorpions (D:4)
  Dowan (D:5)
  4 killer bees (D:8)
  A jelly (D:6)
  3 crimson imps
  A quasit (D:6)
  A bullfrog zombie (D:7)
  8 orc priests
  2 hounds
  5 orc wizards
  2 bullfrog skeletons
  An iguana (D:7)
  6 worker ants
  A hound zombie (D:8)
  A worker ant zombie (D:6)
  11 adders
  2 shadow imps
  An ooze (D:3)
  2 adder skeletons (D:4)
  5 worms
  3 dart slugs
  3 leopard geckos
  30 orcs
  2 ball pythons
  5 bats (D:1)
  5 giant cockroaches
  5 goblins
  5 hobgoblins
  5 jackals
  2 quokkas
  3 frilled lizards
  8 kobolds
  A leopard gecko skeleton (D:6)
  A leopard gecko zombie (D:7)
  A quokka zombie (D:8)
  7 rats
  A plant (D:9)
181 creatures vanquished.

Vanquished Creatures (others)
  15 plants (D:9)
15 creatures vanquished.

Grand Total: 196 creatures vanquished

Notes
Turn   | Place    | Note
-------+----------+-------------------------------------------
     0 | D:1      | Curus the Draconian Berserker began the quest for the Orb.
     0 | D:1      | Reached XP level 1. HP: 19/19 MP: 1/1
   348 | D:1      | Reached XP level 2. HP: 24/26 MP: 2/2
   604 | D:1      | Reached skill level 4 in Long Blades
   964 | D:2      | Found a glowing silver altar of Zin.
  1068 | D:2      | Reached XP level 3. HP: 31/31 MP: 3/3
  1965 | D:3      | Noticed a bullfrog
  1974 | D:3      | Reached ** piety under Trog
  1974 | D:3      | Reached XP level 4. HP: 20/38 MP: 4/4
  1983 | D:3      | Killed a bullfrog
  1983 | D:3      | Reached skill level 5 in Long Blades
  2273 | D:3      | Reached XP level 5. HP: 41/45 MP: 5/5
  2545 | D:3      | Found a sacrificial altar of Ru.
  2922 | D:3      | Reached skill level 6 in Long Blades
  3462 | D:4      | Reached XP level 6. HP: 33/51 MP: 6/6
  3672 | D:4      | Reached skill level 7 in Long Blades
  4515 | D:4      | Found a hazy altar of Hepliaklqana.
  4747 | D:4      | Found a basalt altar of Yredelemnul.
  4884 | D:4      | Found an opulent altar of Gozag.
  4970 | D:5      | Entered Level 5 of the Dungeon
  4976 | D:5      | Reached skill level 8 in Long Blades
  4976 | D:5      | Your scales start taking on a dull iron-grey colour.
  4976 | D:5      | Reached XP level 7. HP: 57/57 MP: 7/7
  4976 | D:5      | Gained mutation: You can survive without breathing. [Grey
                  | Draconian growth]
  5063 | D:5      | Noticed Sigmund
  5078 | D:5      | Killed Sigmund
  5140 | D:5      | Reached skill level 9 in Long Blades
  5270 | D:5      | Noticed Duvessa
  5271 | D:5      | Noticed Dowan
  5280 | D:5      | Killed Duvessa
  5288 | D:5      | Killed Dowan
  5553 | D:5      | Found a glowing golden altar of the Shining One.
  6038 | D:5      | Reached skill level 10 in Long Blades
  6038 | D:5      | Reached XP level 8. HP: 63/63 MP: 8/8
  6660 | D:6      | Found a staircase to the Ecumenical Temple.
  6754 | D:6      | Reached *** piety under Trog
  6768 | D:6      | Reached skill level 11 in Long Blades
  7584 | D:7      | Found a blossoming altar of Fedhas.
  7605 | D:6      | Reached skill level 12 in Long Blades
  7605 | D:6      | Reached XP level 9. HP: 13/70 MP: 9/9
  8348 | D:7      | Found an ancient bone altar of Kikubaaqudgha.
  8407 | D:7      | Found Kiamafud's Book Boutique.
  8410 | D:7      | Identified a scroll of acquirement
  8410 | D:7      | Acquired the ring of Xom's Wantonness {rPois rN+}
  9036 | D:8      | Found Kiudd's Jewellery Shoppe.
  9044 | D:8      | Bought a cursed amulet of inaccuracy for 26 gold pieces
  9178 | D:8      | Found Pubry's Antique Weapon Boutique.
  9188 | D:8      | Bought a glowing scimitar for 147 gold pieces
  9288 | D:8      | Reached **** piety under Trog
  9323 | D:8      | Reached skill level 13 in Long Blades
  9334 | D:8      | Found Ogroklun's Magic Scroll Shoppe.
  9426 | D:8      | Found a shimmering blue altar of Sif Muna.
  9490 | D:8      | Bought a glowing long sword for 136 gold pieces
  9609 | D:8      | Found Huatrob's Magic Scroll Shoppe.
  9617 | D:8      | Bought a scroll of fog for 24 gold pieces
  9865 | D:8      | Found a burning altar of Makhleb.
  9865 | D:8      | Found an ornate altar of the Wu Jian Council.
  9920 | D:8      | Found a shimmering altar of Xom.
  9922 | D:8      | Found an iron altar of Okawaru.
  9923 | D:8      | Found a faded altar of an unknown god.
 10130 | D:9      | Noticed a centaur warrior
 10132 | D:9      | Noticed a deep elf mage
 10152 | D:9      | Reached skill level 14 in Long Blades
 10152 | D:9      | Reached XP level 10. HP: 70/77 MP: 10/10
 10332 | D:9      | Found a bloodstained altar of Trog.
 10448 | D:9      | Found a staircase to the Lair.
 10470 | D:9      | Reached skill level 5 in Fighting
 10696 | D:9      | Noticed a six-headed hydra
 10707 | D:9      | HP: 2/121 [11-headed hydra (18)]
 10707 | D:9      | Slain by an 11-headed hydra

Illustrated notes

Levels and vault maps discovered:
D:1:      lemuel_arrival_room, layout_basic
D:2:      layout_loops_ring, lemuel_round_altar
D:3:      mumra_celtic_spiral_tile, layout_basic, nicolae_ru_path_of_blood
D:4:      layout_loops_cross, nicolae_overflow_hidden_temple, first_ration,
          grunt_decor_arrowhead, yredelemnul_altar_generic
D:5:      layout_layer_cave, nicolae_tso_swordbearing_angel, uniq_sigmund,
          uniq_duvessa
D:6:      layout_loops_corners, minmay_temple_entry_fiery
D:7:      layout_loops_ring, grunt_temple_overflow_growth_and_decay,
          serial_shops, shop
D:8:      layout_loops_ring, chequers_temple_overflow_minitemple, serial_shops,
          nicolae_shop_overgrown_old_shop, shop, shop, nicolae_shop_statue_plus,
          basic_altar
D:9:      minmay_tri_box, layout_rooms, lightli_temple_of_fire,
          david_lair_shrubbed, minivault_12

Skill      XL: |  1  2  3  4  5  6  7  8  9 10 |
---------------+-------------------------------+-----
Long Blades    | 4 5 6 8 10 12 14 | 14.1
Dodging        | 4 |  4.3
Fighting       | 5 |  5.2

Action                   |  1- 3 |  4- 6 |  7- 9 | 10-12 || total
-------------------------+-------+-------+-------+-------++-------
Melee: Falchion          |    99 |    89 |       |       ||   188
       Tailslap          |    16 |    27 |    71 |     9 ||   123
       Long sword        |       |    76 |   285 |       ||   361
       Scimitar          |       |       |    81 |    69 ||   150
Invok: Berserk           |       |     2 |     3 |     1 ||     6
  Use: Potion            |     5 |     1 |     2 |     1 ||     9
       Scroll            |     4 |     3 |     3 |     1 ||    11
 Stab: Sleeping          |       |       |     2 |       ||     2
  Eat: Chunk             |     3 |     8 |    16 |     2 ||    29
       Ration            |       |     1 |     1 |       ||     2
Armor: Skin              |    26 |    34 |   115 |    28 ||   203
Dodge: Dodged            |    60 |    95 |   209 |    37 ||   401
       Rpst.: Falchion   |    24 |    16 |       |       ||    40
       Long sword        |       |    10 |    42 |       ||    52
       Scimitar          |       |       |    11 |     5 ||    16
